AoeStats
← Cruzcerro3

MegaRandom

507523848Analyzed
4v4 RM · 13d ago on Sep 18, 2026· 53m 53s· 8 players
Game mode
Random Map
Map size
Large (8 player)
Population
200
Speed
Normal
Resources
Standard
Victory
Conquest
Starting age
Dark Age
Ending age
Imperial Age
RankedLock teamsTeams togetherTeam positionsShared explorationLock speedFull tech treeHidden civsTurbo modeCheats
Victory
Defeat
🇨🇳 Japanese · China
828
+14
🇨🇳 Poles · China
808
+14
🇨🇳 Georgians · China
772
+16
🇬🇧 Koreans · United Kingdom
655
+21
🇪🇸 Malians · Spain
805
-18
🇪🇸 Turks · Spain
805
-18
🇪🇸 Byzantines · Spain
739
-15
🇪🇸 Spanish · Spain
725
-14
Cruzcerro3
11:49 Loom
16:02 Feudal Age
16:31 Man-at-Arms
24:55 Castle Age
28:50 Long Swordsman
29:32 Squires
30:10 Forging
30:01 Scale Mail Armor
31:51 Iron Casting
32:36 Arson
35:08 Fletching
35:20 Padded Archer Armor
48:31 Pikeman
jfmoreno23
7:19 Loom
22:25 Feudal Age
24:38 Arson
29:25 Double-Bit Axe
30:33 Scale Mail Armor
41:39 Castle Age
53:30 Pikeman
54:11 Squires
ngarofano
5:19 Loom
24:00 Feudal Age
24:31 Arson
25:31 Wheelbarrow
25:24 Double-Bit Axe
27:01 Padded Archer Armor
27:43 Horse Collar
29:05 Scale Mail Armor
28:59 Fletching
30:34 Man-at-Arms
33:05 Forging
34:42 Scale Mail Armor
34:48 Scale Barding Armor
38:36 Castle Age
40:30 Squires
39:52 Pikeman
40:54 Leather Archer Armor
40:36 Bodkin Arrow
41:14 Bow Saw
44:41 Hand Cart
44:51 Chain Barding Armor
44:48 Chain Mail Armor
45:09 Iron Casting
46:32 Elite Skirmisher
Selu
5:10 Loom
15:44 Feudal Age
17:18 Horse Collar
19:20 Double-Bit Axe
23:12 Castle Age
30:03 Murder Holes
35:34 Imperial Age
36:40 Bow Saw
39:49 Two-Man Saw
38:51 Heavy Plow
39:20 Scale Mail Armor
39:31 Forging
40:20 Squires
43:45 Iron Casting
43:00 Fletching
45:24 Padded Archer Armor
45:14 Fletching
46:50 Stone Mining
46:50 Gold Mining
49:07 Chain Mail Armor
Monkey
3:48 Loom
15:52 Feudal Age
16:14 Fishing Lines
16:24 Double-Bit Axe
16:43 Stone Mining
17:32 Gold Mining
20:37 Fletching
23:01 Wheelbarrow
29:26 Castle Age
27:11 Man-at-Arms
29:44 Long Swordsman
29:48 Crossbowman
30:55 Bodkin Arrow
33:58 Bow Saw
34:27 Eupseong
39:25 Ballistics
43:07 Horse Collar
44:11 Gillnets
51:37 Imperial Age
49:17 Heavy Plow
49:04 Treadmill Crane
378080739
3:33 Loom
16:42 Feudal Age
23:16 Castle Age
26:01 Horse Collar
31:27 Imperial Age
29:22 Forging
29:18 Scale Barding Armor
33:48 Szlachta Privileges
37:02 Bloodlines
39:11 Heavy Plow
41:34 Husbandry
43:03 Wheelbarrow
42:28 Cavalier
44:06 Crop Rotation
45:33 Hand Cart
49:22 Iron Casting
49:07 Chain Barding Armor
50:30 Caravan
无敌最俊朗
15:02 Feudal Age
16:43 Gold Mining
16:39 Double-Bit Axe
18:58 Horse Collar
22:20 Castle Age
21:37 Bloodlines
23:10 Husbandry
25:02 Wheelbarrow
24:48 Stone Mining
26:14 Forging
26:09 Scale Barding Armor
26:15 Forging
27:11 Hand Cart
30:29 Heavy Plow
31:06 Town Watch
36:01 Town Patrol
38:37 Stone Shaft Mining
38:23 Loom
39:23 Bow Saw
43:46 Imperial Age
45:58 Iron Casting
45:43 Chain Barding Armor
46:00 Elite Monaspa
46:48 Aznauri Cavalry
47:14 Heavy Scorpion
51:59 Crop Rotation
53:32 Blast Furnace
53:07 Plate Barding Armor
53:32 Blast Furnace
君莫笑
19:15 Feudal Age
19:49 Horse Collar
20:04 Double-Bit Axe
26:36 Castle Age
31:01 Wheelbarrow
31:48 Heavy Plow
35:50 Forging
35:43 Scale Mail Armor
38:29 Iron Casting
37:44 Fletching
38:53 Hand Cart
44:19 Imperial Age
45:27 Gold Mining
45:31 Stone Mining
45:54 Bow Saw
46:50 Gold Shaft Mining
47:21 Elite Samurai
50:14 Conscription
51:26 Blast Furnace
Connection lost

Rejoining the realm…

Still unreachable

The connection could not be restored.

Session expired

The server has moved on; the page needs a fresh start.